 Dungeon Crawl Stone Soup version 0.29-a0-664-gff9cad4a3d (webtiles) character file.

Game seed: 5791809973505367351

86 hquester1 the Covered (level 4, -4/40 HPs)
             Began as a Minotaur Fighter on June 22, 2022.
             Killed from afar by an orc wizard (8 damage)
             ... with a magic dart
             ... on level 3 of the Dungeon.
             The game lasted 00:05:14 (2133 turns).

hquester1 the Covered (Minotaur Fighter)            Turns: 2133, Time: 00:05:14

Health: -4/40      AC:  7    Str: 20    XL:     4   Next: 26%
Magic:  3/3        EV:  9    Int:  5    God:
Gold:   191        SH:  0    Dex: 12    Spells: 3/3 levels left

rFire   . . .      SeeInvis .   a - +0 flail
rCold   . . .      Faith    .   c - +0 buckler
rNeg    . . .      Spirit   .   b - +0 scale mail
rPois   .          Reflect  .   (helmet restricted)
rElec   .          Harm     .   (no cloak)
rCorr   .          Rampage  .   (no gloves)
Will    .....                   (no boots)
Stlth   ..........              (no amulet)
HPRegen 0.13/turn               (no ring)
MPRegen 0.08/turn               (no ring)

@: confused
A: horns 2, retaliatory headbutt
a: no special abilities


You were on level 3 of the Dungeon.
You visited 1 branch of the dungeon, and saw 3 of its levels.

You collected 191 gold pieces.

Inventory:

Hand Weapons
 a - a +0 flail (weapon)
Armour
 b - a +0 scale mail (worn)
 c - a +0 buckler (worn)
Scrolls
 e - 2 scrolls of identify {unknown}
 f - a scroll of enchant weapon {unknown}
 g - 3 scrolls of teleportation {unknown}
 h - a scroll of blinking {unknown}
 i - a scroll of noise {unknown}
 m - a scroll of enchant armour {unknown}
 n - a scroll of fog {unknown}
 p - a scroll of vulnerability {unknown}
 q - a scroll of amnesia {unknown}
Potions
 d - a potion of might
 j - 2 potions of degeneration {unknown}
 k - 2 potions of heal wounds {unknown}
 l - a potion of magic {unknown}
 o - a potion of curing {unknown}


   Skills:
 + Level 4.2 Fighting
 + Level 3.2 Maces & Flails
 + Level 4.3 Armour
 + Level 1.6 Dodging
 + Level 4.2 Shields


You had 3 spell levels left.
You didn't know any spells.
Your spell library contained the following spells:

 Spells                   Type           Power      Damage    Failure   Level
 Ozocubu's Armour         Ice            0%         N/A       99%         3
 Iskenderun's Battlesphe  Conj           0%         2d6       100%        5
 Conjure Ball Lightning   Conj/Air       0%         3x3d6     100%        6
 Iron Shot                Conj/Erth      0%         9d1       100%        6
 Ozocubu's Refrigeration  Ice            0%         4d5       100%        7
 Spellforged Servitor     Conj/Summ      0%         N/A       100%        7
 Discord                  Hex            0%         N/A       100%        8
 Disjunction              Tloc           0%         N/A       100%        8


Dungeon Overview and Level Annotations

Branches:
Dungeon (3/15)

Altars:
Wu Jian

Shops:
D:1 [[


Innate Abilities, Weirdness & Mutations

You have a pair of horns on your head.
You reflexively headbutt those who attack you in melee.


Message History

The orc closely misses you. You furiously retaliate!
You headbutt the orc.
Unknown command.
You hit the orc.
The orc is severely wounded.
Something hits you but does no damage. The orc hits you with a +0 club.
The orc closely misses you. You furiously retaliate!
You headbutt the orc.
You kill the orc!
You barely miss the orc.
The orc is almost dead.
The orc closely misses you. You furiously retaliate!
You headbutt the orc!
You kill the orc!
Something hits you but does no damage.
You miss something.
You hear some strange, mumbled words.
A magic dart appears from out of thin air!
The magic dart hits you.
* * * LOW HITPOINT WARNING * * *
Something hits you.
* * * LOW HITPOINT WARNING * * *
You miss something. Something hits you but does no damage.
You hit something but do no damage. Something hits you but does no damage.
You miss something.
Something hits you but does no damage. x2
You thump something! Something hits you but does no damage.
You miss something. Something hits you.
* * * LOW HITPOINT WARNING * * *
You miss something.
You hear some strange, mumbled words.
A magic dart appears from out of thin air!
The magic dart hits you.
* * * LOW HITPOINT WARNING * * *
Something hits you but does no damage.
You closely miss something.
You hear some strange, mumbled words.
You are confused.
Something hits you but does no damage.
A magic dart appears from out of thin air!
The magic dart hits you but does no damage.
A magic dart appears from out of thin air!
The magic dart hits you!
You die...

... #.#.# #..#
#.###.#.####..# #
###..?#.#.#.....##.#
#..................#
#.#...#####..##.####
####.#{)## #..##.#
......))# #..##.# ####
........######..##.# #...
#####...@.......##.###...
##..#######..........
#..# ###.#...... #.$#
#........ ...# #####....
##.## #.... #. #.#†# #.
#.#.# #.#.#


There were no monsters in sight!

Vanquished Creatures
  3 adders
  2 worms
  2 dart slugs
  3 orcs (D:3)
  4 bats
  5 endoplasms
  3 giant cockroaches
  2 goblins
  2 hobgoblins (D:1)
  4 jackals (D:2)
  3 quokkas
  2 ball pythons
  3 frilled lizards
  4 kobolds
  4 rats
46 creatures vanquished.

Notes
Turn   | Place    | Note
-------+----------+-------------------------------------------
     0 | D:1      | hquester1 the Minotaur Fighter began the quest for the Orb.
     0 | D:1      | Reached XP level 1. HP: 19/19 MP: 0/0
   235 | D:1      | Found Lefas's Antique Armour Shoppe.
   290 | D:1      | Reached XP level 2. HP: 27/27 MP: 1/1
   403 | D:1      | Found Purig's Antique Armour Shoppe.
   556 | D:1      | Found a faded altar of an unknown god.
   681 | D:1      | Reached skill level 1 in Dodging
  1227 | D:2      | Reached XP level 3. HP: 33/33 MP: 2/2
  1597 | D:2      | Found an ornate altar of the Wu Jian Council.
  1835 | D:2      | Identified the +2 mace "Nokayvic" {vorpal, *Noise Will+
                  | Str+3}
  2078 | D:3      | Reached XP level 4. HP: 40/40 MP: 3/3
  2133 | D:3      | Killed from afar by an orc wizard

Illustrated notes

Levels and vault maps discovered:
D:1:      roderic_chinese_lattice_arrival, layout_basic,
          hellmonk_ecumenical_altar_lost_god, serial_shops,
          nicolae_shop_competitors_out_of_business,
          nicolae_shop_temple_entry_statues_fountains, lemuel_another_geyser
D:2:      layout_loops_ring, basic_altar, feat_on_display
D:3:      layout_loops_ring

Skill      XL: |  1  2  3 |
---------------+----------+-----
Dodging        | 1 |  1.6
Armour         | 4 |  4.3
Shields        | 4 |  4.2
Fighting       | 4 |  4.2
Maces & Flails | 3 |  3.2

Action                   |  1- 3 |  4- 6 || total
-------------------------+-------+-------++-------
Melee: Flail             |    83 |    20 ||   103
       Headbutt          |    10 |     2 ||    12
Armor: Scale mail        |    45 |    21 ||    66
Dodge: Dodged            |    58 |    10 ||    68
Block: Buckler           |    15 |     3 ||    18

Table legend: (Time is in decaauts)
 A = Elapsed time spent in this place.
 B = Non-inter-level travel time spent in this place.
 C = Inter-level travel time spent in this place.
 D = Time resting spent in this place.
 E = Time spent auto-exploring this place.
 F = Levels seen in this place.
 G = Mean time per level.
                   A        B        C        D        E       F      G
               +--------+--------+--------+--------+--------+-----+--------+
         Total |   2163 |   2088 |     75 |      0 |   1694 |   3 |  721.0 |
       Dungeon |   2163 |   2088 |     75 |      0 |   1694 |   3 |  721.0 |
               +--------+--------+--------+--------+--------+-----+--------+

Top non-repeatable levels by time:
     D:1: 1124 daAuts
     D:2: 865 daAuts
     D:3: 173 daAuts
